 Dungeon Sprint DCSS version 0.31.0-32-g396128a36d (webtiles) character file.

Game seed: 7743715208232007144

1343 Groucho the Geomancer (level 8, -15/37 HPs)
             Began as a Spriggan Earth Elementalist on Mar 24, 2024.
             Was a High Priest of Sif Muna.
             Hit by a javelin thrown by Urug (27 damage)
             ... in the Dungeon (Sprint VII: "The Pits").
             The game lasted 00:07:58 (1443 turns).

Groucho the Geomancer (Spriggan Earth Elementalist) Turns: 1443, Time: 00:07:59

Health: -15/37     AC:  2    Str:  4    XL:     8   Next: 35%
Magic:  14/22      EV: 17    Int: 19    God:    Sif Muna [*****.]
Gold:   0          SH:  0    Dex: 15    Spells: 21/25 levels left

rFire   . . .        h - +2 dagger
rCold   . . .        (no shield)
rNeg    . . .        a - +0 robe
rPois   .            (helmet restricted)
rElec   .            (no cloak)
rCorr   .            (gloves unavailable)
SInv    +            (boots unavailable)
Will    +....        (no amulet)
Stlth   +++          (no ring)
HPRegen 0.26/turn    (no ring)
MPRegen 0.18/turn

%: no teleportation
@: invisible, very quick
A: very small, no large weapons, unfitting armour, see invisible, speed 3
a: Renounce Religion, Channel Magic, Forget Spell, Divine Exegesis


You were in the Dungeon.
You worshipped Sif Muna.
Sif Muna was extremely pleased with you.
You visited 1 branch

Inventory:

Hand Weapons
 e - a +4 short sword
 h - a +2 dagger (weapon)
Armour
 a - a +0 robe (worn)
Scrolls
 g - a scroll of blinking
 j - 2 scrolls of vulnerability
 k - 5 scrolls of amnesia
 l - a scroll of butterflies
Potions
 b - 5 potions of magic
 c - 6 potions of curing
 d - 3 potions of heal wounds
 f - 3 potions of berserk rage
 i - a potion of invisibility


   Skills:
 + Level 1.0 Fighting
 + Level 1.3 Short Blades
 + Level 3.3 Dodging
 + Level 3.9 Stealth
 + Level 9.4 Spellcasting
 * Level 8.4 Conjurations
 * Level 10.4 Earth Magic
 + Level 1.3 Alchemy
 + Level 6.4 Invocations


You had 21 spell levels left.
You knew the following spells:

 Your Spells              Type           Power      Damage    Failure   Level
a - Sandblast             Erth           96%        2d20      1%          1
b - Stone Arrow           Conj/Erth      88%        3d12      1%          3

Your spell library contained the following spells:

 Spells                   Type           Power      Damage    Failure   Level
 Passwall                 Erth           48%        N/A       1%          3
 Brom's Barrelling Bould  Conj/Erth      44%        2d6       1%          4
 Hailstorm                Conj/Ice       25%        3d7       4%          3
 Petrify                  Alch/Erth      31%        N/A       7%          4
 Fugue of the Fallen      Necr           8%         N/A       24%         3
 Inner Flame              Hex/Fire       8%         N/A       24%         3
 Teleport Other           Tloc           8%         N/A       24%         3
 Tukima's Dance           Hex            8%         N/A       24%         3


Dungeon Overview and Level Annotations

Branches:
Dungeon (1/1)

Altars:
Ashenzari
Cheibriados
Dithmenos
Elyvilon
Fedhas
Gozag
Hepliaklqana
Kikubaaqudgha
Makhleb
Nemelex Xobeh
Okawaru
Qazlal
Ru
Sif Muna
Trog
Uskayaw
Vehumet
Wu Jian
Xom
Yredelemnul
Zin
The Shining One
Jiyva
Lugonu

Annotations:
D Urug


Innate Abilities, Weirdness & Mutations

You are very small and have problems with some larger weapons.
You are too small for most types of armour.
You have supernaturally acute eyesight. (SInv)
You cover ground extremely quickly. (Speed+++)


Message History

The swamp drake closely misses you. Urug hits you with a +5 scimitar!!
* * * LOW HITPOINT WARNING * * *
The kobold brigand shouts!
Unknown command.
Unknown command.
You feel much better. The swamp drake completely misses you.
The kobold brigand barely misses you. Urug misses you.
Unknown command.
Unknown command.
Aiming: Stone Arrow (safe; 1% risk of failure)
Press: ? - help, Q - select action, (/) - cycle Shift-Dir - straight line, f - swamp drake
Aim: a swamp drake (heavily wounded, unable to see you, 73% to hit)
The stone arrow hits the swamp drake!
The swamp drake is almost dead.
Urug misses you. The swamp drake bites you!
The kobold brigand barely misses you.
Unknown command.
Unknown command.
Aiming: Stone Arrow (safe; 1% risk of failure)
Press: ? - help, Q - select action, (/) - cycle Shift-Dir - straight line, f/p - swamp drake
Aim: a swamp drake (almost dead, unable to see you, 73% to hit)
The stone arrow hits the swamp drake!!
You kill the swamp drake!
Sif Muna accepts your kill. Urug hits you with a +5 scimitar!
* * * LOW HITPOINT WARNING * * *
The kobold brigand misses you.
Your Fighting skill increases to level 1!
Unknown command.
The kobold brigand completely misses you.
There is an open door here.
Aiming: Stone Arrow (safe; 1% risk of failure)
Press: ? - help, Q - select action, (/) - cycle Shift-Dir - straight line, f - Urug
Aim: Urug, wielding a +5 scimitar, wearing a +0 scale mail and quivering javelins (unable to see you, 70% to hit)
The stone arrow hits Urug!!
Urug is moderately wounded.
Urug throws a javelin.
The javelin pierces through you!!
Ouch! That really hurt!
You die...
Urug screams, "Revenge at last!"

#.####'##'###...<...#
#.#†......†##.......#
#.#........##...÷...#
#'###########.......#
#.......#.. #########
#..#.#..#)######
#.##.##.#.#....#
#....)).#'#.oK.#
#.##.##.#)@....+
#..#.#..#'#....#
#.......')#....#
################


You could see Urug (unable to see you) and a kobold brigand (unable to see you).

Vanquished Creatures
  A deep elf pyromancer (D)
  A warg (D)
  Duvessa (D)
  A swamp drake (D)
  A wolf (D)
  A crocodile (D)
  An ogre (D)
  4 wights (D)
  Dowan (D)
  A quasit (D)
  A hound (D)
  Jessica (D)
  2 adders (D)
  A dart slug (D)
  A ball python (D)
  2 endoplasms (D)
  A goblin (D)
  A hobgoblin (D)
  A bat (D)
  A frilled lizard (D)
  A jackal zombie (D)
26 creatures vanquished.

Notes
Turn   | Place    | Note
-------+----------+-------------------------------------------
     0 | D        | Groucho the Spriggan Earth Elementalist began the quest for
                  | the Orb.
     0 | D        | Reached XP level 1. HP: 9/9 MP: 5/5
    14 | D        | Reached skill level 1 in Conjurations
    14 | D        | Reached skill level 3 in Earth Magic
    40 | D        | Found a glowing golden altar of the Shining One.
    40 | D        | Found a glowing silver altar of Zin.
    40 | D        | Found a basalt altar of Yredelemnul.
    40 | D        | Found a shimmering altar of Xom.
    40 | D        | Found an ornate altar of the Wu Jian Council.
    40 | D        | Found a bloodstained altar of Trog.
    40 | D        | Found a shimmering blue altar of Sif Muna.
    40 | D        | Found a sacrificial altar of Ru.
    40 | D        | Found a stormy altar of Qazlal.
    40 | D        | Found an iron altar of Okawaru.
    40 | D        | Found a sparkling altar of Nemelex Xobeh.
    40 | D        | Found a burning altar of Makhleb.
    40 | D        | Found a viscous altar of Jiyva.
    40 | D        | Found a hazy altar of Hepliaklqana.
    40 | D        | Found an opulent altar of Gozag.
    40 | D        | Found a blossoming altar of Fedhas.
    40 | D        | Found a white marble altar of Elyvilon.
    40 | D        | Found a shadowy altar of Dithmenos.
    40 | D        | Found a snail-covered altar of Cheibriados.
    41 | D        | Found a radiant altar of Vehumet.
    41 | D        | Found a corrupted altar of Lugonu.
    42 | D        | Found an ancient bone altar of Kikubaaqudgha.
    42 | D        | Found a hide-covered altar of Uskayaw.
    42 | D        | Found a broken altar of Ashenzari.
    43 | D        | Became a worshipper of Sif Muna the Loreminder
    56 | D        | Reached XP level 2. HP: 13/13 MP: 3/7
   205 | D        | Reached * piety under Sif Muna
   570 | D        | Reached ** piety under Sif Muna
   577 | D        | Reached skill level 4 in Earth Magic
   617 | D        | Noticed a wight
   617 | D        | Noticed a wight
   617 | D        | Noticed a wight
   653 | D        | Killed a wight
   654 | D        | Reached skill level 5 in Spellcasting
   654 | D        | Reached skill level 5 in Earth Magic
   654 | D        | Reached XP level 3. HP: 16/16 MP: 4/10
   654 | D        | Reached XP level 4. HP: 21/21 MP: 4/12
   663 | D        | Learned a level 3 spell: Stone Arrow
   729 | D        | Noticed Duvessa
   729 | D        | Noticed Dowan
   729 | D        | Noticed a wolf
   759 | D        | Killed Dowan
   760 | D        | Reached skill level 6 in Earth Magic
   760 | D        | Reached skill level 1 in Invocations
   774 | D        | Reached *** piety under Sif Muna
   775 | D        | Reached skill level 5 in Conjurations
   775 | D        | Reached XP level 5. HP: 24/24 MP: 7/14
   816 | D        | Noticed a warg
   860 | D        | Killed a warg
   861 | D        | Reached skill level 7 in Earth Magic
   861 | D        | Reached XP level 6. HP: 12/28 MP: 5/17
  1101 | D        | Reached skill level 8 in Earth Magic
  1316 | D        | Reached **** piety under Sif Muna
  1317 | D        | Reached XP level 7. HP: 32/32 MP: 15/19
  1336 | D        | Reached skill level 5 in Invocations
  1368 | D        | Noticed Jessica
  1403 | D        | Killed Jessica
  1404 | D        | Reached skill level 9 in Earth Magic
  1404 | D        | Killed Duvessa
  1409 | D        | Noticed a deep elf pyromancer
  1417 | D        | Killed a deep elf pyromancer
  1418 | D        | Reached skill level 10 in Earth Magic
  1418 | D        | Reached XP level 8. HP: 20/36 MP: 12/22
  1422 | D        | Reached ***** piety under Sif Muna
  1426 | D        | Reached skill level 1 in Short Blades
  1426 | D        | Reached skill level 1 in Alchemy
  1427 | D        | Received a gift from Sif Muna
  1428 | D        | Got Sif Muna's Primer on Spellcasting {god gift}
  1429 | D        | Noticed Urug
  1440 | D        | Reached skill level 1 in Fighting
  1443 | D        | Hit by a javelin thrown by Urug

Illustrated notes

Levels and vault maps discovered:
D:        pitsprint [storerooms_1, entrance_room_1, metal_vault_2, armoury_1,
          mini_pit_1, grid_room_1, main_hall_1, silver_pit, the_coven_1,
          the_vestibule_1, steel_vault_1, golden_pit, hallway_of_sentries,
          crystal_vault_3, iron_vault_4, final_vault]

Skill      XL: |  1  2  3  4  5  6  7  8 |
---------------+-------------------------+-----
Conjurations   | 2 3 5 6 8 |  8.4
Earth Magic    | 3 5 6 7 8 10 | 10.4
Spellcasting   | 3 5 6 7 9 |  9.4
Invocations    | 2 3 4 6 |  6.4
Dodging        | 3 |  3.3
Short Blades   | 1 |  1.3
Alchemy        | 1 |  1.3
Fighting       | 1 |  1.0
Stealth        | |  3.9

Action                     |  1- 3 |  4- 6 |  7- 9 || total
---------------------------+-------+-------+-------++-------
  Melee: Dagger            |     2 |       |    11 ||    13
         Punch             |       |       |     1 ||     1
   Cast: Sandblast         |    14 |    15 |       ||    29
         Stone Arrow       |       |     8 |    19 ||    27
 Invoke: Channel Magic     |       |       |     2 ||     2
    Use: Potion            |       |     2 |     3 ||     5
   Stab: Sleeping          |     2 |       |     3 ||     5
         Invisible         |       |       |     3 ||     3
 Armour: Robe              |       |     2 |     9 ||    11
  Dodge: Dodged            |     2 |     5 |    19 ||    26
